AoeStats
← patrickgeisler85

Arena

508410470Analyzed
4v4 RM · 10d ago on Sep 22, 2026· 53m 54s· 8 players
Game mode
Random Map
Map size
Large (8 player)
Population
200
Speed
Normal
Resources
Standard
Victory
Conquest
Starting age
Dark Age
Ending age
Imperial Age
RankedLock teamsTeams togetherTeam positionsShared explorationLock speedFull tech treeHidden civsTurbo modeCheats
Victory
Defeat
🇨🇳 Byzantines · China
834
+9
🇨🇳 Goths · China
762
+12
🇯🇵 Jurchens · Japan
733
+13
🇨🇳 Burgundians · China
420
+26
🇹🇷 Burmese · Türkiye
832
-22
🇧🇷 Bohemians · Brazil
709
-17
🇩🇪 Persians · Germany
602
-12
🇨🇳 Wu · China
505
-9
豚マソ
2:41 Loom
17:20 Feudal Age
18:03 Horse Collar
18:10 Double-Bit Axe
18:29 Gold Mining
18:31 Stone Mining
21:33 Castle Age
22:36 Bow Saw
22:28 Heavy Plow
23:06 Stone Shaft Mining
23:07 Gold Shaft Mining
24:19 Wheelbarrow
24:07 Treadmill Crane
25:52 Ballistics
26:48 Hand Cart
33:49 Imperial Age
31:06 Town Watch
31:49 Scale Mail Armor
32:00 Forging
31:51 Padded Archer Armor
32:55 Siege Engineers
33:48 Chain Mail Armor
34:08 Iron Casting
33:45 Town Patrol
34:06 Caravan
34:55 Conscription
34:46 Thunderclap Bombs
35:22 Crop Rotation
36:30 Two-Man Saw
35:05 Heavy Rocket Cart
38:17 Blast Furnace
37:32 Leather Archer Armor
38:20 Chemistry
38:02 Fletching
38:57 Masonry
38:54 Fortified Bastions
39:30 Hoardings
40:28 Arson
40:44 Squires
40:29 Gambesons
40:05 Elite Fire Lancer
41:17 Ring Archer Armor
40:43 Bodkin Arrow
48:24 Sappers
48:15 Elite Iron Pagoda
49:13 Block Printing
49:24 Illumination
49:09 Fervor
49:00 Atonement
49:00 Devotion
49:21 Sanctity
49:36 Theocracy
48:56 Herbal Medicine
48:24 Pikeman
48:25 Man-at-Arms
48:28 Crossbowman
48:29 Elite Skirmisher
48:30 Heavy Cavalry Archer
49:43 Coinage
49:21 Scale Barding Armor
49:17 Bracer
49:28 Guilds
83766496
12:11 Feudal Age
16:25 Castle Age
14:19 Horse Collar
14:25 Double-Bit Axe
24:57 Bow Saw
25:19 Heavy Plow
27:56 Wheelbarrow
27:37 Gold Mining
28:26 Loom
30:57 Ballistics
30:53 Forging
30:45 Scale Mail Armor
31:09 Town Watch
31:44 Hand Cart
35:08 Imperial Age
32:40 Town Patrol
32:59 Pikeman
33:56 Chain Mail Armor
34:17 Iron Casting
33:41 Murder Holes
34:47 Squires
34:56 Scale Barding Armor
34:56 Stone Mining
35:10 Halberdier
35:14 Heavy Scorpion
35:20 Capped Ram
36:22 Conscription
36:25 Guilds
37:52 Blast Furnace
36:47 Fletching
37:58 Perfusion
39:03 Fervor
39:20 Chain Barding Armor
39:02 Padded Archer Armor
38:45 Elite Huskarl
39:28 Anarchy
40:32 Chemistry
Tamerlane
11:40 Feudal Age
12:43 Double-Bit Axe
13:29 Loom
15:51 Castle Age
14:21 Horse Collar
17:06 Bow Saw
21:20 Loom
24:12 Wheelbarrow
24:13 Heavy Plow
25:41 Gold Mining
25:41 Stone Mining
26:34 Treadmill Crane
27:05 Fortified Wall
27:37 Gold Shaft Mining
27:37 Stone Shaft Mining
30:19 Caravan
30:49 Forging
30:39 Scale Mail Armor
34:10 Imperial Age
32:29 Iron Casting
31:15 Pikeman
31:56 Squires
32:34 Chain Mail Armor
32:41 Ballistics
32:18 Murder Holes
32:45 Gambesons
32:46 Arson
34:02 Hand Cart
35:05 Guilds
35:29 Plate Mail Armor
35:09 Fletching
35:19 Padded Archer Armor
34:45 Halberdier
35:22 Elite Skirmisher
37:06 Chemistry
37:05 Bodkin Arrow
37:26 Leather Archer Armor
36:42 Elite Cataphract
37:49 Conscription
38:51 Two-Man Saw
38:27 Crop Rotation
38:51 Bracer
39:23 Thumb Ring
39:59 Ring Archer Armor
41:33 Logistica
42:16 Hoardings
43:19 Scale Barding Armor
44:14 Husbandry
43:36 Heavy Camel Rider
45:30 Chain Barding Armor
46:44 Coinage
47:55 Banking
47:22 Guard Tower
47:17 Arrowslits
47:52 Bombard Tower
53:05 Spies/Treason
乔巴
7:40 Loom
10:21 Wheelbarrow
14:21 Feudal Age
14:10 Wheelbarrow
15:02 Horse Collar
17:42 Heavy Plow
18:22 Double-Bit Axe
21:18 Hand Cart
29:12 Castle Age
28:43 Gold Mining
35:43 Imperial Age
33:39 Scale Barding Armor
33:26 Fletching
35:42 Burgundian Vineyards
37:59 Cavalier
38:41 Husbandry
42:46 Paladin
45:01 Chain Barding Armor
47:17 Plate Barding Armor
46:59 Forging
935032334
0:31 Loom
10:44 Feudal Age
20:11 Castle Age
18:42 Double-Bit Axe
18:48 Horse Collar
21:00 Heavy Plow
22:13 Bow Saw
22:26 Gold Mining
22:39 Stone Mining
25:21 Wheelbarrow
25:54 Gold Shaft Mining
27:57 Hand Cart
28:24 Stone Shaft Mining
27:49 Fletching
27:49 Treadmill Crane
33:46 Imperial Age
32:16 Red Cliffs Tactics
32:42 Ballistics
32:21 Bodkin Arrow
33:21 Padded Archer Armor
34:37 Bracer
34:54 Leather Archer Armor
35:42 Chemistry
36:05 Caravan
37:15 Sitting Tiger
38:26 Elite Fire Archer
39:30 Elite Skirmisher
41:22 Conscription
42:56 Two-Man Saw
patrickgeisler85
12:06 Feudal Age
14:00 Wheelbarrow
13:16 Double-Bit Axe
13:14 Horse Collar
Lautenaius Maximus
11:12 Feudal Age
12:08 Double-Bit Axe
17:31 Castle Age
17:26 Wheelbarrow
20:25 Pikeman
24:07 Horse Collar
27:42 Chemistry
27:03 Ballistics
27:51 Bow Saw
28:45 Scale Mail Armor
29:29 Fletching
30:23 Chain Mail Armor
36:34 Imperial Age
37:20 Bodkin Arrow
37:39 Fortified Wall
38:30 Squires
38:17 Arson
38:51 Houfnice
40:07 Conscription
41:56 Bracer
MERT AVC
11:26 Feudal Age
12:08 Horse Collar
17:29 Castle Age
18:43 Stone Mining
18:44 Gold Mining
18:57 Heavy Plow
20:30 Gold Shaft Mining
30:54 Imperial Age
29:02 Wheelbarrow
28:14 Loom
28:16 Town Watch
31:07 Scale Barding Armor
31:12 Forging
30:56 Fletching
31:07 Padded Archer Armor
31:42 Hand Cart
31:28 Town Patrol
32:30 Conscription
31:39 Elite Arambai
32:30 Husbandry
33:15 Bloodlines
33:38 Ballistics
34:19 Chemistry
34:01 Iron Casting
33:47 Chain Barding Armor
33:24 Bodkin Arrow
34:03 Howdah
34:11 Manipur Cavalry
34:39 Elite Battle Elephant
38:34 Blast Furnace
38:10 Plate Barding Armor
39:17 Scale Mail Armor
39:20 Bracer
Connection lost

Rejoining the realm…

Still unreachable

The connection could not be restored.

Session expired

The server has moved on; the page needs a fresh start.